 Dungeon Crawl Stone Soup version 0.29.1-1-gd02db69 (webtiles) character file.

Game seed: 14736436449078960375

42592 CrazyKiwi the Bludgeoner (level 14, -9/133 HPs)
             Began as a Hill Orc Monk on Dec 21, 2022.
             Was a High Priest of Beogh.
             Killed from afar by a deep elf zephyrmancer (41 damage)
             ... with a bolt of lightning
             ... on level 1 of the Elven Halls.
             The game lasted 03:00:16 (21138 turns).

CrazyKiwi the Bludgeoner (Hill Orc Monk)           Turns: 21138, Time: 03:00:21

Health: -9/133     AC: 23    Str: 25    XL:     14   Next: 20%
Magic:  11/18      EV: 14    Int: 14    God:    Beogh [*****.]
Gold:   1444       SH:  0    Dex: 24    Spells: 13/13 levels left

rFire   + + +      SeeInvis +   a - +5 morningstar of Ofegrecs {pain, rF+ Will+ Stlth-}
rCold   . . .      Faith    +   m - +0 buckler
rNeg    . . .      Spirit   .   T - +5 fire dragon scales "Zeroilil" {rF++ rC- Stlth+}
rPois   .          Reflect  .   v - +2 helmet {SInv}
rElec   .          Harm     .   l - scarf {rC+ rF+}
rCorr   .          Rampage  .   R - +1 pair of gloves "Zuhupoph" {rC- Str+9 Dex+4}
Will    +++..                   (no boots)
Stlth   +.........              w - amulet of faith
HPRegen 0.32/turn               N - ring of willpower
MPRegen 0.16/turn               u - +6 ring of dexterity

@: confused, ambrosia-drunk, marked, recalling
A: walk on water, hooves 1, thin skeletal structure 1, clever 1, cold resistance
1, weak 1
a: Renounce Religion, Smiting, Stop Recall, Give Item to Named Follower


You were on level 1 of the Elven Halls.
You worshipped Beogh.
Beogh was extremely pleased with you.
You visited 4 branches of the dungeon, and saw 18 of its levels.
You also visited: Gauntlet and Volcano.

You collected 1813 gold pieces.
You spent 369 gold pieces at shops.

Inventory:

Hand Weapons
 a - the +5 morningstar of Ofegrecs (weapon) {pain, rF+ Will+ Stlth-}
   (You bought it in a shop on level 3 of the Dungeon)

   In the hands of one skilled in necromantic magic, it inflicts extra damage on
   living creatures.
   rF:        It protects you from fire.
   Will:      It increases your willpower.
   Stlth:     It makes you less stealthy.
 b - a +3 vampiric dagger
 q - a +0 glaive
 Y - a +3 war axe of distortion
Missiles
 c - 4 throwing nets
 i - 3 datura-tipped darts
 k - 18 curare-tipped darts
 o - 15 stones
 p - 3 silver boomerangs
 x - 6 javelins
 z - 6 silver javelins
 B - 7 boomerangs (quivered)
 H - 32 poisoned darts
Armour
 l - a scarf of resistance (worn)
 m - a +0 buckler (worn)
 v - a +2 helmet of see invisible (worn)
 R - the +1 pair of gloves "Zuhupoph" (worn) {rC- Str+9 Dex+4}
   (You found it in a Gauntlet)

   Str:       It affects your strength (+9).
   Dex:       It affects your dexterity (+4).
   rC:        It makes you vulnerable to cold.
 T - the +5 fire dragon scales "Zeroilil" (worn) {rF++ rC- Stlth+}
   (You found it in a volcano)

   rF:        It greatly protects you from fire.
   rC:        It makes you vulnerable to cold.
   Stlth:     It makes you more stealthy.
 V - a +0 plate armour
 Z - a +0 plate armour
Jewellery
 u - a +6 ring of dexterity (right hand)
 w - an amulet of faith (around neck)
 N - a ring of willpower (left hand)
 P - a ring of poison resistance
Wands
 g - a wand of iceblast (3)
 s - a wand of charming (4)
 J - a wand of light (6)
 L - a wand of polymorph (6)
Scrolls
 e - 3 scrolls of enchant weapon {unknown}
 f - 8 scrolls of teleportation
 j - 5 scrolls of fog
 n - 2 scrolls of immolation
 A - 2 scrolls of blinking {unknown}
 E - a scroll of magic mapping
 G - 2 scrolls of poison
 M - a scroll of torment
 O - a scroll of silence
 Q - a scroll of fear {unknown}
 S - a scroll of amnesia {unknown}
Potions
 d - 2 potions of invisibility
 h - 6 potions of haste
 r - a potion of lignification
 t - 3 potions of cancellation
 y - a potion of heal wounds
 C - a potion of might
 F - a potion of attraction
 I - 2 potions of flight
 K - 4 potions of curing
Miscellaneous
 U - a box of beasts
 W - a lightning rod (2/4)
 X - a piece from Xom's chessboard (15/15)


   Skills:
 + Level 14.5 Fighting
 - Level 5.0(13.0) Axes
 - Level 15.7(16.0) Maces & Flails
 - Level 1.0 Throwing
 + Level 12.0 Armour
 - Level 6.0 Dodging
 - Level 2.0 Stealth
 - Level 6.0 Shields
 * Level 6.5 Invocations
 - Level 4.0 Evocations


You had 13 spell levels left.
You didn't know any spells.
Your spell library contained the following spells:

 Spells                   Type           Power      Damage    Failure   Level
 Confusing Touch          Hex            0%         N/A       94%         3
 Hailstorm                Conj/Ice       0%         3d3       100%        4
 Ice Form                 Ice/Tmut       0%         N/A       100%        4
 Summon Forest            Summ/Tloc      0%         N/A       100%        5
 Yara's Violent Unravell  Hex/Tmut       0%         3d3       100%        5
 Eringya's Noxious Bog    Tmut/Pois      0%         N/A       100%        6
 Simulacrum               Ice/Necr       0%         N/A       100%        6
 Enfeeble                 Hex            0%         N/A       100%        7
 Summon Hydra             Summ           0%         N/A       100%        7


Dungeon Overview and Level Annotations

Branches:
Dungeon (11/15)            Temple (0/1) D:7            Lair (4/5) D:8
  Swamp (0/4) Lair:3        Snake (0/4) Lair:2          Orc (2/2) D:10
    Elf (1/3) Orc:2       Volcano (visited)         Gauntlet (visited)
  Slime: Lair:4-5

Altars:
Ashenzari
Makhleb
Nemelex Xobeh
Okawaru
Qazlal
Sif Muna
Beogh

Shops:
D:3 *   D:6 *   D:8 *   D:10 [   Orc:2 :?(

Portals:
Pandemonium: Orc:2

Annotations:
Lair:3 exclusion: oklob plant


Innate Abilities, Weirdness & Mutations

You can walk on water.
You have large cloven feet.
You have a somewhat thin skeletal structure. (Dex +2, Stealth+)
Your mind is acute. (Int +4, Str/Dex -1)
Your flesh is cold resistant. (rC+)
You are weak. (Str -2)


Message History

A deep elf knight comes into view. It is wielding a +0 short sword.
A deep elf zephyrmancer comes into view.
It is wielding a +0 short sword.
The deep elf demonologist mumbles some strange words.
A deep elf pyromancer comes into view.
It is wielding a +0 long sword and wearing a +2 ring mail of cold resistance.
Your orc priest hits the lorocyproca but does no damage.
Oreg hits the deep elf pyromancer with a +1 falchion.
Your orc warrior unwields a +0 arbalest.
Your orc warrior wields a +0 trident.
Your orc warrior hits the cacodemon with a +0 trident!
Your orc priest invokes the aid of Beogh against the cacodemon.
The cacodemon is smitten.
Warrok roars a battlecry!
Your orcs go into a battle-frenzy!
The cacodemon hits your orc. The cacodemon hits your orc!
Your orc dies!
Your orc warrior is recalled.
Your orc priest is recalled.
Your orc is recalled.
You are no longer corroded.
The cacodemon disappears in a puff of smoke!
Your orc priest no longer looks unusually strong. x2
The +0 long sword of electrocution hits you but does no damage.
You are electrocuted!
* * * LOW HITPOINT WARNING * * *
Your orc warrior hits the deep elf pyromancer with a +0 hand axe!
Your orc warrior hits the +0 long sword of electrocution with a +0 hand axe!!
Your orc warrior barely misses the deep elf archer.
Your orc hits the deep elf archer with a +0 dagger.
The +1 war axe of venom hits your orc wizard!
The +1 war axe of venom closely misses your orc sorcerer.
Alork roars a battlecry!
Your orcs go into a battle-frenzy!
Alork blocks the deep elf demonologist's attack.
The deep elf pyromancer hits Oreg with a +0 dagger.
The deep elf zephyrmancer gestures at you while chanting.
The bolt of lightning misses your orc warrior.
The bolt of lightning misses your orc priest.
The bolt of lightning hits your orc warrior!!
Your orc warrior dies!
The bolt of lightning hits you!!!
You die... ### ###.. ### #...# ...# #..e# ...# #.oo###e).# #.####o)o.o(...# .eeeeeooooeo..)##

#.####o(@oo.o...##
#oo)oooo....###
####oo2e.......
E#EEE+o§e)....##.
EE#.EE+o.)e..)##..
..
#=.E##.))..##... #
######.e)e##....
#E ##...ee#....
+...........


You could see a lorocyproca (summoned, invisible), a deep elf demonologist (ally
target), 3 deep elf archers, 3 deep elf knights, an earth elemental, 6 water
elementals, 4 deep elf pyromancers, 4 deep elf zephyrmancers, an air elemental,
2 dancing weapons, the friendly Warrok the orc warlord (strong), a friendly orc
knight (strong, very poisoned), the friendly Alork the orc knight (strong), the
friendly Bolgrim the orc knight (strong), a friendly orc sorcerer (strong), the
friendly Bogbarth the orc sorcerer (strong), 7 friendly orc warriors, the
friendly Orbeogh the orc warrior (strong), 4 friendly orc priests, the friendly
Oreg the orc priest (strong), a friendly orc wizard (strong, invisible) and 4
friendly orcs.

Vanquished Creatures
  A stone giant (Volcano)
  A minotaur (Gauntlet)
  3 hydras
  A demonspawn (Orc:2)
  A two-headed ogre (D:10)
  3 death yaks (Lair:3)
  An orc high priest (Orc:2)
  Sonja (D:11)
  A deep elf knight (Elf:1)
  A soul eater (Gauntlet)
  A skeletal warrior (D:7)
  An orc knight (Orc:2)
  A deep elf zephyrmancer (Elf:1)
  An orc sorcerer (Orc:2)
  A cyclops (D:11)
  3 elephants (Lair:4)
  A rust devil (Orc:2)
  2 black mambas
  An apocalypse crab (Gauntlet)
  2 cane toads
  3 gargoyles
  A torpor snail (Lair:3)
  5 komodo dragons
  An efreet (Volcano)
  A troll (D:10)
  A tyrant leech (Lair:3)
  2 hornets (D:10)
  Prince Ribbit (D:6)
  11 blink frogs
  3 centaur simulacra (Gauntlet)
  2 wyverns
  2 basilisks
  4 shadows
  12 yaks
  Eustachio (D:5)
  2 swamp worms (Lair:3)
  2 vampire mosquitoes (D:10)
  2 nagas (Lair:2)
  6 water moccasins
  8 orc warriors
  3 black bears
  2 sky beasts (D:8)
  2 ice beasts
  6 ogres
  3 centaurs
  2 phantoms (D:5)
  4 kobold brigands
  4 bullfrogs
  A necrophage (Lair:2)
  An earth elemental (Volcano)
  12 wights
  6 killer bees
  5 howler monkeys
  2 jellies
  A wyvern simulacrum (Gauntlet)
  5 hounds
  Crazy Yiuf (D:4)
  6 orc priests
  Terence (D:2)
  2 iguanas (D:5)
  5 orc wizards
  3 gnolls
  6 adders
  2 shadow imps (Gauntlet)
  2 white imps
  3 dart slugs
  33 orcs
  7 ball pythons
  3 bats
  7 endoplasms
  2 giant cockroaches (D:1)
  11 goblins
  8 hobgoblins
  4 jackals (D:4)
  18 kobolds
  4 quokkas
  5 frilled lizards
  24 rats
314 creatures vanquished.

Vanquished Creatures (collateral kills)
  Jorgrun (Orc:1)
  A deep elf sorcerer (Elf:1)
  A boulder beetle (D:9)
  A hydra (Lair:3)
  A catoblepas (Lair:2)
  2 demonspawn (Orc:2)
  A two-headed ogre (D:9)
  4 orc high priests (Orc:2)
  A death yak (Lair:3)
  A deep elf knight (Elf:1)
  A skeletal warrior (D:7)
  3 orc knights
  2 deep elf pyromancers (Elf:1)
  4 deep elf zephyrmancers (Elf:1)
  An orc sorcerer (Orc:2)
  An elephant (Lair:4)
  An orange demon (Orc:2)
  3 black mambas (Lair:1)
  3 cane toads
  A rime drake (Lair:4)
  2 komodo dragons
  4 trolls
  9 blink frogs
  A wyvern (Lair:3)
  3 basilisks
  A water elemental (Elf:1)
  5 yaks
  2 wargs
  4 nagas (Lair:2)
  2 swamp worms (Lair:3)
  6 water moccasins
  10 orc warriors
  2 ogres (Orc:1)
  3 necrophages (Lair:2)
  A bullfrog (Lair:3)
  An earth elemental (Elf:1)
  2 wights (D:9)
  2 killer bees (D:10)
  2 howler monkeys (D:11)
  9 orc priests
  A gnoll bouda (Orc:1)
  6 orc wizards
  A gnoll (Orc:1)
  18 orcs
  A kobold (D:9)
132 creatures vanquished.

Vanquished Creatures (others)
  2 orc high priests (Orc:2)
  An orc knight (Orc:2)
  An orc sorcerer (Orc:2)
  A cyclops (Orc:1)
  9 orc warriors
  8 orc wizards
  8 orc priests
  26 orcs
  A kobold (D:7)
  17 fungi
  47 plants
  16 withered plants (Gauntlet)
137 creatures vanquished.

Grand Total: 583 creatures vanquished

Notes
Turn   | Place    | Note
-------+----------+-------------------------------------------
     0 | D:1      | CrazyKiwi the Hill Orc Monk began the quest for the Orb.
     0 | D:1      | Reached XP level 1. HP: 19/19 MP: 1/1
   246 | D:1      | Reached XP level 2. HP: 27/27 MP: 2/2
  1196 | D:2      | Reached XP level 3. HP: 32/33 MP: 3/3
  1975 | D:2      | Reached XP level 4. HP: 16/41 MP: 4/4
  2623 | D:3      | Found Exkim's Assorted Antiques.
  2776 | D:3      | Reached skill level 5 in Axes
  2823 | D:3      | HP: 2/41 [orc wizard/magic dart (4)]
  3247 | D:3      | Reached XP level 5. HP: 42/47 MP: 5/5
  3585 | D:4      | Reached skill level 1 in Shields
  3705 | D:4      | Found an iron altar of Okawaru.
  3865 | D:4      | You fall into a shaft and drop 2 floors!
  3872 | D:6      | Noticed a shadow
  3889 | D:6      | Killed a shadow
  3890 | D:6      | Reached skill level 5 in Fighting
  3890 | D:6      | Reached skill level 1 in Armour
  3890 | D:6      | Reached XP level 6. HP: 19/56 MP: 6/6
  4103 | D:5      | Entered Level 5 of the Dungeon
  4406 | D:2      | Noticed Terence
  4428 | D:2      | Killed Terence
  4686 | D:2      | Found a faded altar of an unknown god.
  4790 | D:3      | Bought a bone morningstar for 171 gold pieces
  4790 | D:3      | Identified the +5 morningstar of Ofegrecs {pain, rF+ Will+
                  | Stlth-} (You bought it in a shop on level 3 of the Dungeon)
  4791 | D:3      | Bought a sedimented puce potion for 17 gold pieces
  4791 | D:3      | Bought a scroll labelled VYGUGU CUOGAPT for 19 gold pieces
  4833 | D:4      | Found a runed translucent door.
  4834 | D:4      | Noticed Crazy Yiuf
  4842 | D:4      | Killed Crazy Yiuf
  5117 | D:4      | Reached skill level 1 in Maces & Flails
  5117 | D:4      | Reached XP level 7. HP: 62/62 MP: 7/7
  5172 | D:5      | Reached skill level 2 in Maces & Flails
  5285 | D:5      | Noticed Eustachio
  5296 | D:5      | Killed Eustachio
  5297 | D:5      | Reached skill level 3 in Maces & Flails
  5569 | D:5      | Reached skill level 4 in Maces & Flails
  5579 | D:5      | Reached XP level 8. HP: 64/70 MP: 8/8
  5590 | D:5      | Reached skill level 5 in Maces & Flails
  6092 | D:5      | Reached skill level 6 in Maces & Flails
  6872 | D:6      | Reached skill level 7 in Maces & Flails
  6872 | D:6      | Reached skill level 1 in Throwing
  6891 | D:6      | Noticed Prince Ribbit
  7026 | D:6      | Killed Prince Ribbit
  7131 | D:6      | Found Xijiaryo's Gadget Gallery.
  7200 | D:6      | Found a burning altar of Makhleb.
  7367 | D:7      | Became a worshipper of Beogh the Brigand
  7367 | D:7      | Reached * piety under Beogh
  7367 | D:7      | Reached ** piety under Beogh
  7368 | D:7      | Noticed a skeletal warrior
  7370 | D:7      | Noticed a skeletal warrior
  7523 | D:7      | Reached skill level 8 in Maces & Flails
  7568 | D:7      | Reached XP level 9. HP: 62/75 MP: 9/9
  8177 | D:7      | Found a staircase to the Ecumenical Temple.
  8257 | D:7      | Noticed a skeletal warrior
  8388 | D:7      | Reached skill level 9 in Maces & Flails
  8472 | D:6      | Gained mutation: You have large cloven feet. [potion of
                  | mutation]
  8472 | D:6      | Gained mutation: You have a somewhat thin skeletal
                  | structure. (Dex +2, Stealth+) [potion of mutation]
  8472 | D:6      | Gained mutation: You are weak. (Str -2) [potion of
                  | mutation]
  8472 | D:6      | Gained mutation: You have hidden genetic potential. [potion
                  | of mutation]
  8758 | D:7      | Reached skill level 10 in Maces & Flails
  8758 | D:7      | Reached skill level 5 in Armour
  9229 | D:8      | Found a broken altar of Ashenzari.
  9367 | D:8      | Found Cizot's Overcharged Wands.
  9735 | D:8      | Found a staircase to the Lair.
  9871 | D:8      | Reached XP level 10. HP: 86/86 MP: 10/10
 10035 | D:7      | Reached *** piety under Beogh
 10138 | D:8      | Gained mutation: Your flesh is cold resistant. (rC+)
                  | [hidden potential]
 10212 | D:9      | Reached skill level 11 in Maces & Flails
 10786 | D:9      | Noticed a two-headed ogre
 10795 | D:9      | Killed a two-headed ogre
 10798 | D:9      | Noticed a boulder beetle
 10813 | D:9      | Killed a boulder beetle
 11477 | D:9      | Found a sparkling altar of Nemelex Xobeh.
 11490 | D:9      | Found a stormy altar of Qazlal.
 11975 | D:7      | Killed a skeletal warrior
 11976 | D:7      | Reached skill level 5 in Dodging
 12202 | D:10     | Entered Level 10 of the Dungeon
 12202 | D:10     | Noticed a two-headed ogre
 12210 | D:9      | Reached skill level 12 in Maces & Flails
 12237 | D:10     | Reached XP level 11. HP: 81/95 MP: 11/11
 12504 | D:10     | Gained mutation: Your mind is acute. (Int +4, Str/Dex -1)
                  | [hidden potential]
 12504 | D:10     | Lost mutation: You have hidden genetic potential. [hidden
                  | potential expressed]
 12595 | D:10     | Reached **** piety under Beogh
 12601 | D:10     | Found a staircase to the Orcish Mines.
 12601 | D:10     | Noticed an orc knight
 12603 | D:10     | Found Qed Ets's Armour Boutique.
 12606 | D:10     | Killed an orc knight
 12606 | D:10     | Gained Warrok as an ally
 12819 | D:10     | Killed a two-headed ogre
 13510 | D:11     | Noticed Sonja
 13517 | D:11     | Killed Sonja
 13655 | Orc:1    | Entered Level 1 of the Orcish Mines
 13676 | D:11     | Noticed a cyclops
 13684 | D:11     | Killed a cyclops
 13826 | D:11     | Reached skill level 10 in Fighting
 14279 | D:7      | Killed a skeletal warrior
 14280 | D:7      | Reached skill level 5 in Shields
 14372 | Lair:1   | Entered Level 1 of the Lair of Beasts
 14381 | Lair:1   | Reached skill level 13 in Maces & Flails
 14452 | Lair:1   | Found a gate leading to a gauntlet.
 14463 | Gauntlet | Entered a Gauntlet
 14463 | Gauntlet | Noticed a soul eater
 14463 | Gauntlet | Found a transporter.
 14463 | Gauntlet | Found a transporter.
 14468 | Gauntlet | Found a transporter.
 14469 | Gauntlet | Found a transporter.
 14469 | Gauntlet | Found a transporter.
 14470 | Gauntlet | Found a transporter.
 14477 | Gauntlet | Noticed a soul eater
 14479 | Gauntlet | Found a transporter.
 14483 | Gauntlet | Found a transporter.
 14484 | Gauntlet | Found a transporter.
 14493 | Gauntlet | Found a transporter.
 14595 | Gauntlet | Found a transporter.
 14609 | Gauntlet | Found a transporter.
 14718 | Gauntlet | Killed a soul eater
 14839 | Gauntlet | Identified the +1 pair of gloves "Zuhupoph" {rC- Str+9
                  | Dex+4}
 14936 | Gauntlet | Noticed a minotaur
 14954 | Gauntlet | Killed a minotaur
 14955 | Gauntlet | Reached XP level 12. HP: 58/110 MP: 12/12
 15083 | Lair:1   | Reached skill level 1 in Evocations
 15084 | Lair:1   | Reached skill level 1 in Invocations
 15935 | Lair:2   | Found a dark tunnel.
 15944 | Volcano  | Entered a volcano
 16020 | Volcano  | Noticed a stone giant
 16032 | Volcano  | Killed a stone giant
 16147 | Volcano  | Identified the +5 fire dragon scales "Zeroilil" {rF++ rC-
                  | Stlth+}
 16271 | Lair:2   | Reached ***** piety under Beogh
 16299 | Lair:2   | Found a staircase to the Snake Pit.
 16475 | Lair:2   | Reached skill level 10 in Armour
 16508 | Lair:2   | Identified the +1 scale mail of Past Mistakes {-Tele rElec
                  | Slay+3}
 16518 | Lair:2   | Noticed a catoblepas
 17199 | Lair:2   | Killed a catoblepas
 17200 | Lair:2   | Reached skill level 14 in Maces & Flails
 17610 | Lair:3   | You fall into a shaft and drop 1 floor!
 17771 | Lair:4   | Noticed a seven-headed hydra
 17781 | Lair:4   | Killed a seven-headed hydra
 17890 | Lair:4   | Reached XP level 13. HP: 118/119 MP: 14/14
 18359 | Lair:3   | Reached skill level 15 in Maces & Flails
 18543 | Lair:3   | Found a staircase to the Swamp.
 19379 | Orc:1    | Reached ****** piety under Beogh
 19388 | Orc:1    | Noticed Jorgrun
 19402 | Orc:1    | Killed Jorgrun
 19922 | Orc:2    | Entered Level 2 of the Orcish Mines
 19923 | Orc:2    | Found a staircase to the Elven Halls.
 20189 | Orc:2    | Found Toikloupn's General Store.
 20191 | Orc:2    | Found Aveos's Magic Scroll Shoppe.
 20193 | Orc:2    | Gained Bolgrim as an ally
 20225 | Orc:2    | Gained Alork as an ally
 20287 | Orc:2    | Bought a scroll of poison for 48 gold pieces
 20287 | Orc:2    | Bought a scroll of silence for 114 gold pieces
 20332 | Orc:2    | Found a roughly hewn altar of Beogh.
 20564 | Orc:2    | Reached XP level 14. HP: 125/132 MP: 17/17
 20571 | Orc:2    | Reached skill level 5 in Invocations
 20572 | Orc:2    | Found Idegur's Antique Weapon Boutique.
 20572 | Orc:2    | Found Wauvahun's Book Shop.
 20573 | Orc:2    | Found a one-way gate leading to the halls of Pandemonium.
 20869 | Orc:1    | Gained Oreg as an ally
 20899 | Orc:1    | Found a shimmering blue altar of Sif Muna.
 21100 | Elf:1    | Entered Level 1 of the Elven Halls
 21113 | Elf:1    | Noticed a deep elf sorcerer
 21121 | Elf:1    | Gained Orbeogh as an ally
 21124 | Elf:1    | Killed a deep elf sorcerer
 21127 | Elf:1    | Noticed a deep elf demonologist
 21131 | Elf:1    | Noticed a cacodemon
 21135 | Elf:1    | Gained Bogbarth as an ally
 21138 | Elf:1    | Noticed a lorocyproca
 21138 | Elf:1    | Killed from afar by a deep elf zephyrmancer

Illustrated notes

Levels and vault maps discovered:
D:1:      psy_arrival_conway, layout_basic
D:2:      layout_basic, hellmonk_ecumenical_altar_prayer_group, uniq_terence
D:3:      layout_rooms, serial_shops, nicolae_shop_waterfront,
          kennysheep_cluttered_room, kennysheep_decorative_pillar
D:4:      layout_basic, kennysheep_mini_moat, minmay_rat_hole,
          uniq_crazy_yiuf_cottage
D:5:      layout_basic, uniq_eustachio
D:6:      layout_cave_pools, general_overflow_altar, serial_rivers,
          chequers_serial_rivers_micro_d, chequers_serial_rivers_micro_b,
          chequers_serial_rivers_small_b, chequers_serial_rivers_large_a,
          chequers_serial_rivers_room_a, chequers_serial_rivers_micro_c,
          minmay_strange_pillars, nicolae_shop_gadgets, uniq_prince_ribbit1
D:7:      layout_rooms, minmay_temple_entry_gardened_gates
D:8:      layout_cave_pods, mainiacjoe_overflow_alcove_1, lair_entry_dummy,
          grunt_ogre_cave, nicolae_shop_overcharged_wands
D:9:      layout_cross, mainiacjoe_overflow_alcove_2, lemuel_round_altar
D:10:     layout_loops_ring, orc_david_3
D:11:     layout_basic, uniq_sonja
Lair:1:   layout_cave_pods, gauntlet_entry_generic, minivault_27,
          serial_bayou_shore_a, grunt_megastairs_2
Lair:2:   layout_loops_ring, minmay_snake_entry_guardpost_medium,
          enter_volcano_4, roderic_carrion_pond
Lair:3:   nzn_winding_woodlands_three_and_one
          [nzn_winding_woodlands_5x15_zeroes, nzn_winding_woodlands_5x15_cabin,
          nzn_winding_woodlands_5x15_eye,
          nzn_winding_woodlands_center_diamonds], layout_gridlike,
          palyth_hydra_swamp_entry
Lair:4:   layout_regular_city, gammafunk_lair_bear_cave
Orc:1:    layout_diamond_mine, kennysheep_orc_sif_temple, uniq_jorgrun
Orc:2:    pf_orc_diabolical, layout_caves, basic_altar, nicolae_orc_rockfall
Elf:1:    layout_loops_corners, serial_shops, nicolae_shop_behind_doors,
          minmay_elf_demonology, hangedman_elf_power_crystal,
          nicolae_elf_loose_elemental_storage

Skill      XL: |  1  2  3  4  5  6  7  8  9 10 11 12 13 14 |
---------------+-------------------------------------------+-----
Fighting       | 4 5 6 7 8 11 12 14 | 14.5
Stealth        | 2 |  2.0
Axes           | 5 |  5.0
Dodging        | 3 4 5 6 |  6.0
Shields        | 2 3 4 5 6 |  6.0
Armour         | 1 2 3 4 5 7 8 10 11 12 | 12.0
Maces & Flails | 1 4 8 10 12 13 14 15 | 15.7
Throwing       | 1 |  1.0
Evocations     | 3 4 |  4.0
Invocations    | 2 4 6 |  6.5

Action                   |  1- 3 |  4- 6 |  7- 9 | 10-12 | 13-15 || total
-------------------------+-------+-------+-------+-------+-------++-------
Melee: Hand axe          |   132 |   199 |       |       |       ||   331
       Punch             |     1 |       |       |       |       ||     1
       Morningstar       |       |    10 |   239 |   375 |   211 ||   835
       Kick              |       |       |    23 |   142 |    81 ||   246
Throw: Stone             |       |     4 |    10 |       |       ||    14
       Boomerang         |       |       |    64 |    43 |    21 ||   128
       Dart              |       |       |       |    10 |       ||    10
Invok: Convert to Beogh  |       |       |     1 |       |       ||     1
       Recall Orcish Fol |       |       |       |     8 |     3 ||    11
       Smiting           |       |       |       |       |    10 ||    10
Evoke: Wand              |       |       |       |     3 |     2 ||     5
       Lightning rod     |       |       |       |     4 |     5 ||     9
       Piece from Xom's  |       |       |       |       |     2 ||     2
  Use: Potion            |       |     3 |     4 |    17 |     3 ||    27
       Scroll            |       |       |     7 |     9 |       ||    16
 Stab: Sleeping          |     5 |     5 |       |     1 |       ||    11
       Invisible         |       |       |       |     7 |       ||     7
       Distracted        |       |       |       |     2 |     3 ||     5
Armor: Robe              |    25 |     9 |       |       |       ||    34
       Leather armour    |       |    31 |    17 |       |       ||    48
       Ring mail         |       |       |    48 |    46 |       ||    94
       Troll leather arm |       |       |       |    41 |       ||    41
       Fire dragon scale |       |       |       |    24 |    68 ||    92
Dodge: Dodged            |    97 |   138 |   134 |   243 |   101 ||   713
Block: Buckler           |     4 |    33 |    43 |   106 |    73 ||   259
